Map: [ESL] Moondance

Players

Maplez

  • Race: Protoss Protoss
  • Spawn Location: 6:00

Zain - Winner!

  • Race: Protoss Protoss
  • Spawn Location: 12:00

Event: DreamHack SC2 Masters 2022 Valencia

VOD

Have the link to the VOD?

Description

Time

  • Played on: July 1, 2022, 6:47 a.m.
  • Length: 10:35

All games in this series

Show
View Real Time Build Order
Export as new Build Order

Maplez Protoss 

Build Orders: Blink Stalkers, Dark Templar Rush 

Get SALT Encoding   

  12  0:00  Probe  
  13  0:12  Probe  
  14  0:18  Pylon  
  14  0:24  Probe (Chrono Boost)  
  15  0:37  Probe (Chrono Boost)  
  15  0:39  Gateway  
  16  0:44  Probe (Chrono Boost)  
  16  0:47  Assimilator  
  17  0:51  Probe  
  17  0:55  Assimilator  
  18  1:03  Probe (Chrono Boost)  
  19  1:09  Gateway  
  19  1:13  Probe (Chrono Boost)  
  19  1:17  Probe (Chrono Boost)  
  21  1:26  Cybernetics Core  
  21  1:29  Probe  
  22  1:37  Pylon  
  22  1:41  Probe  
  23  1:58  Probe  
  24  2:03  Stalker x2  
  28  2:09  Pylon  
  28  2:16  Stargate  
  28  2:25  Warp Gate  
  28  2:26  Probe  
  29  2:40  Stalker x2  
  33  2:46  Twilight Council  
  33  3:06  Shield Battery  
  33  3:10  Pylon  
  33  3:25  Nexus  
  33  3:32  Dark Shrine  
  33  3:35  Blink (Chrono Boost)  
  33  3:46  Probe  
  34  3:58  Probe  
  34  4:02  Pylon  
  35  4:10  Probe  
  35  4:14  Adept x2  
  40  4:22  Probe  
  41  4:31  Forge  
  41  4:37  Probe (Chrono Boost)  
  43  4:39  Probe (Chrono Boost)  
  43  4:46  Dark Templar x2  
  43  4:49  Probe (Chrono Boost)  
  43  4:50  Probe (Chrono Boost)  
  49  4:59  Probe  
  48  5:01  Probe  
  49  5:11  Probe  
  50  5:21  Probe  
  50  5:27  Protoss Ground Weapons Level 1 (Chrono Boost)  
  50  5:28  Probe  
  48  5:33  Probe  
  48  5:35  Gateway x2  
  47  5:37  Charge (Chrono Boost)  
  47  5:40  Probe  
  47  5:41  Stalker x2  
  48  5:45  Probe  
  48  5:49  Assimilator  
  50  5:57  Shield Battery  
  50  6:00  Probe  
  50  6:05  Probe, Gateway x2  
  51  6:12  Stalker x2  
  51  6:13  Pylon  
  51  6:17  Pylon  
  55  6:31  Stalker x2  
  59  6:33  Pylon  
  59  6:34  Probe  
  59  6:38  Gateway  
  60  6:41  Adept  
  60  6:42  Adept  
  64  7:04  Stalker x2  
  64  7:05  Stalker x3  
  72  7:22  Stalker  
  72  7:27  Nexus  
  70  7:32  Robotics Facility  
  70  7:34  Adept x2  
  74  7:38  Dark Templar  
  74  7:40  Probe (Chrono Boost), Protoss Ground Weapons Level 2 (Chrono Boost)  
  78  7:48  Probe (Chrono Boost)  
  78  7:49  Probe (Chrono Boost)  
  79  8:00  Probe  
  79  8:02  Probe  
  79  8:04  Gateway  
  79  8:05  Gateway  
  81  8:06  Zealot  
  83  8:13  Probe  
  82  8:27  Dark Templar x3  
  86  8:41  Zealot x4  
  86  8:42  Probe  
  86  8:43  Probe  
  86  8:45  Probe  
  91  8:50  Immortal (Chrono Boost)  
  91  8:54  Probe  
  96  9:00  Dark Templar  
  98  9:09  Zealot x3  
  104  9:13  Pylon  
  104  9:16  Pylon  
  104  9:17  Archon x2  
  104  9:23  Assimilator  
  104  9:32  Dark Templar x2  
  104  9:33  Zealot x2  
  110  9:40  Pylon  
  110  9:44  Zealot x4  
  98  9:52  Zealot  
  76  9:57  Dark Templar  
  76  10:02  Zealot  
  74  10:07  Zealot x5  
  84  10:18  Stalker  
  70  10:31  Zealot x3  
Show
View Real Time Build Order
Export as new Build Order

Zain Protoss - Winner!

Build Orders: Phoenix Opening 

Get SALT Encoding   

  12  0:00  Probe  
  13  0:12  Probe  
  14  0:17  Pylon  
  14  0:24  Probe (Chrono Boost)  
  15  0:36  Probe (Chrono Boost)  
  15  0:37  Gateway  
  16  0:44  Probe (Chrono Boost)  
  16  0:46  Assimilator  
  17  0:51  Probe  
  17  0:54  Assimilator  
  18  1:03  Probe (Chrono Boost)  
  19  1:09  Gateway  
  19  1:13  Probe (Chrono Boost)  
  19  1:18  Probe (Chrono Boost)  
  20  1:23  Cybernetics Core  
  21  1:29  Probe  
  22  1:36  Pylon  
  22  1:41  Probe  
  23  1:54  Probe  
  24  1:57  Warp Gate (Chrono Boost)  
  24  2:00  Stalker x2  
  28  2:07  Pylon  
  28  2:10  Probe  
  30  2:22  Probe  
  30  2:27  Pylon  
  30  2:30  Sentry x2  
  30  2:35  Probe  
  34  2:52  Nexus  
  34  2:57  Shield Battery  
  34  2:59  Probe  
  34  3:01  Sentry  
  34  3:05  Phoenix  
  37  3:10  Pylon  
  37  3:11  Probe  
  38  3:23  Probe  
  39  3:29  Twilight Council  
  39  3:35  Probe  
  39  3:38  Stalker  
  39  3:41  Stalker  
  44  3:48  Probe  
  45  3:56  Robotics Facility  
  45  4:00  Probe  
  46  4:05  Probe  
  47  4:12  Stalker x2, Probe  
  52  4:18  Probe  
  52  4:21  Twilight Council  
  53  4:28  Probe  
  54  4:34  Probe  
  55  4:38  Shield Battery  
  55  4:40  Immortal (Chrono Boost)  
  59  4:47  Shield Battery  
  59  4:49  Probe x2  
  61  4:52  Shield Battery  
  61  4:56  Blink (Chrono Boost)  
  61  5:01  Probe  
  62  5:10  Pylon  
  62  5:11  Assimilator  
  59  5:21  Observer (Chrono Boost)  
  59  5:22  Pylon  
  53  5:31  Stalker x2  
  53  5:34  Probe  
  55  5:43  Probe  
  55  5:46  Probe  
  55  5:49  Gateway  
  57  5:50  Gateway  
  57  5:52  Nexus  
  57  5:54  Pylon  
  57  5:55  Probe  
  58  5:59  Immortal  
  58  6:00  Probe  
  58  6:03  Sentry  
  65  6:07  Probe  
  66  6:12  Probe  
  66  6:14  Forge  
  66  6:16  Sentry  
  69  6:19  Probe  
  69  6:23  Gateway  
  69  6:25  Gateway  
  70  6:32  Pylon  
  70  6:33  Probe x2  
  70  6:35  Stalker  
  74  6:44  Stalker x2  
  78  6:47  Pylon  
  78  6:50  Observer (Chrono Boost)  
  78  6:53  Protoss Ground Weapons Level 1 (Chrono Boost)  
  79  6:59  Probe  
  80  7:03  Pylon  
  80  7:08  Stalker x2  
  83  7:14  Observer  
  79  7:23  Probe x2  
  79  7:25  Stalker  
  79  7:26  Probe  
  84  7:33  Charge  
  84  7:35  Probe  
  85  7:37  Probe  
  86  7:49  Nexus  
  86  7:50  Pylon  
  86  7:52  Stalker x2  
  86  7:55  Shield Battery  
  89  8:01  Pylon  
  89  8:05  Stalker x2  
  89  8:08  Pylon  
  89  8:11  Nexus  
  92  8:17  Stalker  
  92  8:18  Probe x2  
  95  8:25  Shield Battery  
  95  8:32  Stalker x3  
  99  8:47  Probe  
  100  8:50  Zealot x3  
  100  8:54  Pylon  
  106  8:57  Pylon  
  106  9:00  Nexus  
  106  9:01  Photon Cannon, Pylon  
  106  9:03  Shield Battery  
  106  9:05  Warp Prism (Chrono Boost)  
  106  9:06  Stalker  
  110  9:20  Stalker x3  
  110  9:23  Shield Battery  
  116  9:26  Zealot  
  116  9:29  Probe x3  
  121  9:33  Zealot  
  121  9:36  Zealot  
  121  9:49  Zealot x4  
  111  10:02  Gateway  
  111  10:03  Gateway, Zealot x2  
  111  10:06  Probe  
  116  10:08  Templar Archives, Probe  
  116  10:11  Photon Cannon, Probe  
  116  10:13  Observer (Chrono Boost)  
  117  10:16  Probe  
  100  10:32  Zealot x6  

Tags
 
Add a new tag
Caveats
  • Supply blocks, unpowered buildings, or Contaminate may cause inaccurate times.
  • Supply counts are checked every 10 seconds.